 Dungeon Crawl Stone Soup version 0.17.1-3-g152610e (webtiles) character file.

81 Jerry the Sneak (level 4, -1/29 HPs)
             Began as an Octopode Wizard on Mar 6, 2016.
             Slain by a gnoll (8 damage)
             ... on level 2 of the Dungeon.
             The game lasted 00:05:30 (1106 turns).

Jerry the Sneak (Octopode Wizard)                   Turns: 1106, Time: 00:05:30

Health: -1/29      AC:  1    Str:  6    XL:     4   Next: 40%
Magic:  6/8        EV: 12    Int: 20    God:
Gold:   104        SH:  0    Dex: 11    Spells: 1 memorised, 8 levels left

rFire  . . .     SeeInvis .     e - +2 dagger (venom)
rCold  . . .     Clarity  .     (no shield)
rNeg   . . .     SustAt   .     a - +0 hat
rPois  .         Gourm    .     (no amulet)
rElec  .         Spirit   .     n - ring of flight (curse)
rCorr  .         Warding  .     (no ring)
rMut   .         Stasis   .     (no ring)
MR     .....                    (no ring)
Stlth  +++.......               (no ring)
                                (no ring)
                                (no ring)
                                (no ring)

@: not resistant to hostile enchantments, fairly stealthy
A: almost no armour, amphibious, 8 rings, constrict 8, camouflage 1, gelatinous
body 1
a: Evoke Flight


You were on level 2 of the Dungeon.
You were hungry.

You visited 1 branch of the dungeon, and saw 2 of its levels.

You collected 104 gold pieces.

Inventory:

Hand Weapons
 e - a +2 dagger of venom (weapon)
 q - a +3 short sword
Armour
 a - a +0 hat (worn)
Jewellery
 n - a cursed ring of flight (left tentacle)
Scrolls
 d - 2 scrolls of identify {unknown}
 i - a scroll of remove curse {unknown}
 k - 3 scrolls of fear {unknown}
 l - a scroll of magic mapping {unknown}
 p - a scroll of teleportation {unknown}
 r - a scroll of amnesia {unknown}
 s - a scroll of blinking {unknown}
Potions
 f - 3 potions of lignification {unknown}
 g - 2 potions of heal wounds {unknown}
 h - a potion of might {unknown}
 j - a potion of brilliance {unknown}
 m - a potion of curing {unknown}
Books
 b - a book of Minor Magic

   Spells                             Type                      Level
   a - Magic Dart                     Conjuration                  1
   b - Blink                          Translocation                2
   c - Call Imp                       Summoning                    2
   d - Repel Missiles                 Charms/Air                   2
   e - Slow                           Hexes                        2
   f - Conjure Flame                  Conjuration/Fire             3
   g - Mephitic Cloud                 Conjuration/Poison/Air       3
Comestibles
 c - a bread ration
 o - a beef jerky


   Skills:
 + Level 1.8 Fighting
 + Level 1.3 Short Blades
 + Level 2.4 Dodging
 - Level 3.1 Stealth
 - Level 3.0 Spellcasting
 + Level 1.9 Conjurations
   Level 1.0 Summonings
   Level 1.0 Translocations
 + Level 1.3 Evocations


You had 8 spell levels left.
You knew the following spells:

 Your Spells              Type           Power        Failure   Level  Hunger
a - Magic Dart            Conj           ##..         10%         1    None


Dungeon Overview and Level Annotations

Branches:
Dungeon (2/15)

Altars:


Innate Abilities, Weirdness & Mutations

You cannot wear most types of armour.
You are amphibious.
You can wear up to eight rings at the same time.
You can use your tentacles to constrict eight enemies at once.
Your skin changes colour to match your surroundings (Stealth).
Your rubbery body absorbs attacks (AC +1).


Message History

The magic dart hits the gnoll.
The gnoll is lightly wounded.
Casting: Magic Dart
Confirm with . or Enter, or press ? or * to list all spells.
Aiming: Magic Dart
Press: ? - help, Shift-Dir - straight line, f/p - gnoll
Aim: a gnoll (lightly wounded)
The magic dart hits the gnoll.
The gnoll is moderately wounded.
You hit the gnoll.
The gnoll is poisoned.
You grab the gnoll. You squeeze the gnoll.
The gnoll is heavily wounded.
You constrict the gnoll, but do no damage.
The gnoll hits you.
* * * LOW HITPOINT WARNING * * *
You hit the gnoll.
The gnoll looks even sicker.
The gnoll is severely wounded.
You constrict the gnoll, but do no damage.
The gnoll hits you!
You die...

#...#### #.#.#.......#...
#...#.. ....#..)†...'...
#...#.# #.#.#.......#...
#...#.#####...##.....##...
#..#...<.##..#.##...###...
#..##..........!##### #...
##....#....g$..###...###...
##.....##.###g####.....##...
#...†...##.@gg..#.......#...
##........###.###..[†...'...
#.........[..# #.......#...
#........##### ##.....##...
##.(..[..# ##...##....
##......## #####.....
###......# #. #..###
#.......## #.# #..# #
#.......# #.# #..#


You could see 3 gnolls.

Vanquished Creatures
  A gnoll (D:2)
  An adder (D:2)
  3 oozes
  A worm (D:2)
  3 giant geckos
  5 bats
  A giant cockroach (D:2)
  6 goblins (D:1)
  5 hobgoblins
  A quokka (D:2)
  6 giant newts
  2 jackals (D:2)
  6 kobolds
  3 rats
44 creatures vanquished.

Notes
Turn   | Place    | Note
--------------------------------------------------------------
     0 | D:1      | Jerry the Octopode Wizard began the quest for the Orb.
     0 | D:1      | Reached XP level 1. HP: 11/11 MP: 4/4
    34 | D:1      | Reached skill level 1 in Fighting
    50 | D:1      | Reached XP level 2. HP: 16/18 MP: 1/6
   182 | D:1      | Reached skill level 1 in Short Blades
   394 | D:1      | Reached XP level 3. HP: 19/23 MP: 7/7
   936 | D:2      | Reached skill level 1 in Evocations
  1005 | D:2      | Reached XP level 4. HP: 18/28 MP: 8/8
  1106 | D:2      | Slain by a gnoll

Action                   |  1- 3 |  4- 6 || total
-------------------------+-------+-------++-------
Melee: Dagger            |    62 |     9 ||    71
 Cast: Magic Dart        |    18 |     7 ||    25
 Stab: Sleeping          |    11 |       ||    11
